AoeStats
← Dafixios

MegaRandom

510198364Analyzed
2v2 RM · 3d ago on Sep 29, 2026· 47m 43s· 4 players
Game mode
Random Map
Map size
Medium (4 player)
Population
200
Speed
Normal
Resources
Standard
Victory
Conquest
Starting age
Dark Age
Ending age
Imperial Age
RankedLock teamsTeams togetherTeam positionsShared explorationLock speedFull tech treeHidden civsTurbo modeCheats
Victory
Defeat
🇲🇽 Varangians · Mexico
1165
+15
🇨🇴 Italians · Colombia
1099
+18
🇲🇽 Spanish · Mexico
1163
-17
🇲🇽 Chinese · Mexico
1135
-16
Alexr_93
0:29 Loom
10:56 Feudal Age
18:41 Castle Age
17:53 Fletching
18:04 Padded Archer Armor
23:30 Thumb Ring
24:48 Scale Mail Armor
26:03 Bodkin Arrow
26:55 Forging
28:22 Town Watch
30:03 Pikeman
36:43 Imperial Age
34:26 Double-Bit Axe
34:24 Horse Collar
34:39 Stone Mining
34:31 Crossbowman
35:57 Ballistics
36:14 Bow Saw
36:21 Heavy Plow
37:41 Wheelbarrow
40:02 Elite Skirmisher
41:30 Conscription
42:49 Chemistry
43:23 Hand Cart
43:14 Town Patrol
45:36 Bracer
45:53 Chain Mail Armor
Dafixios
0:31 Loom
9:41 Feudal Age
16:06 Double-Bit Axe
20:56 Castle Age
22:04 Husbandry
22:18 Scale Barding Armor
34:15 Wheelbarrow
35:02 Bloodlines
37:06 Horse Collar
39:04 Forging
40:34 Town Watch
41:23 Heavy Plow
42:44 Hand Cart
43:32 Iron Casting
King Dario II
0:30 Loom
8:45 Feudal Age
11:43 Forging
12:27 Scale Barding Armor
12:38 Bloodlines
16:24 Scale Barding Armor
25:45 Castle Age
24:51 Gold Mining
24:50 Double-Bit Axe
25:32 Stone Mining
25:26 Horse Collar
28:10 Light Cavalry
31:16 Iron Casting
36:28 Chain Barding Armor
42:05 Scale Mail Armor
43:22 Chain Mail Armor
49:53 Imperial Age
NuMa | Gacha
0:37 Loom
10:46 Feudal Age
16:40 Castle Age
15:44 Double-Bit Axe
24:57 Bloodlines
25:54 Forging
26:59 Wheelbarrow
28:05 Husbandry
28:30 Scale Barding Armor
28:35 Town Watch
29:37 Fletching
30:57 Hand Cart
34:49 Chain Barding Armor
34:52 Bodkin Arrow
35:27 Bow Saw
35:55 Padded Archer Armor
36:32 Iron Casting
36:22 Scale Mail Armor
40:32 Imperial Age
38:20 Leather Archer Armor
38:53 Gold Mining
38:55 Stone Mining
41:45 Conscription
40:53 Cavalier
43:11 Town Patrol
43:59 Bracer
44:31 Ring Archer Armor
46:33 Elite Genoese Crossbowman
48:57 Plate Barding Armor
Connection lost

Rejoining the realm…

Still unreachable

The connection could not be restored.

Session expired

The server has moved on; the page needs a fresh start.